 Dungeon Crawl Stone Soup version 0.28.0 (webtiles) character file.

Game seed: 12033579793269323614

291 Kold the Insei (level 6, -3/47 HPs)
             Began as a Demonspawn Monk on Feb 10, 2022.
             Slain by an orc priest (5 damage)
             ... on level 3 of the Dungeon.
             The game lasted 00:03:07 (3192 turns).

Kold the Insei (Demonspawn Monk)                    Turns: 3192, Time: 00:03:07

Health: -3/47      AC:  3    Str: 12    XL:     6   Next: 10%
Magic:  6/6        EV: 13    Int: 11    God:
Gold:   112        SH:  0    Dex: 17    Spells: 5/5 levels left

rFire   . . .      SeeInvis .     - Unarmed
rCold   . . .      Faith    .   (no shield)
rNeg    . . .      Spirit   .   a - +0 robe
rPois   .          Reflect  .   (helmet restricted)
rElec   .          Harm     .   g - +0 cloak
rCorr   .          Rampage  .   (no gloves)
Will    .....                   (no boots)
Stlth   ++........              (no amulet)
HPRegen 0.15/turn               (no ring)
MPRegen 0.10/turn               (no ring)

@: flying
A: antennae 1, hooves 2, weakness stinger 2
a: no special abilities


You were on level 3 of the Dungeon.
You visited 1 branch of the dungeon, and saw 3 of its levels.

You collected 138 gold pieces.
You spent 26 gold pieces at shops.

Inventory:

Armour
 a - a +0 robe (worn)
 g - a +0 cloak (worn)
Scrolls
 b - a scroll of teleportation {unknown}
 c - 3 scrolls of identify
 e - 2 scrolls of summoning {unknown}
 h - 2 scrolls of vulnerability {unknown}
 k - a scroll of immolation {unknown}
 l - 2 scrolls of magic mapping {unknown}
Potions
 d - a potion of degeneration {unknown}
 i - a potion of attraction {unknown}
 j - a potion of lignification {unknown}
 m - a potion of magic


   Skills:
 - Level 3.1 Fighting
 - Level 2.8 Dodging
 - Level 2.0 Stealth
 + Level 6.1 Unarmed Combat


You had 5 spell levels left.
You didn't know any spells.
Your spell library was empty.

Dungeon Overview and Level Annotations

Branches:
Dungeon (3/15)

Altars:

Shops:
D:1 ?


Innate Abilities, Weirdness & Mutations

You have a pair of small antennae on your head.
You have hoof-like feet.
You have a tail ending in a sharp stinger.


Message History

The kobold shouts!
The kobold misses you.
You hit the kobold. You kick the kobold.
The kobold is severely wounded.
The kobold hits you with a +0 dagger.
You hit the kobold.
You kill the kobold!
No target in view!
You now have 112 gold pieces (gained 11).
Things that are here:
a +0 dagger; a stone The orc priest shouts!
The orc priest calls down the wrath of Beogh upon you.
Beogh smites you!
The orc priest mumbles some strange prayers to Beogh against you.
You barely resist.
You see here a scroll labelled WUUTIGAXE.
The orc priest hits you from afar with a +2 vorpal trident!
You are too injured to fight recklessly!
The orc priest hits you with a +2 vorpal trident.
You barely miss the orc priest. Your kick misses the orc priest.
The orc priest closely misses you.
You barely miss the orc priest.
You kick the orc priest, but do no damage.
The orc priest hits you but does no damage.
You hit the orc priest.
Your tail-slap misses the orc priest.
The orc priest is lightly wounded.
The orc priest hits you with a +2 vorpal trident.
You barely miss the orc priest. You kick the orc priest.
The orc priest is moderately wounded.
The orc priest mumbles some strange prayers to Beogh against you.
Pain shoots through your body!
* * * LOW HITPOINT WARNING * * *
It was a potion of magic.
Magic courses through your body. The orc priest completely misses you.
It was a potion of flight.
You feel very buoyant.
You fly up into the air.
The orc priest hits you with a +2 vorpal trident.
You die...

##.# #.# ...##.# .#
#.#.#.######.###
#.#..........<.#
#.........##.#.#
#.>............#
#...........#.#
#<.@.?........#
#.o#.......##.#
#..)###......##.###.#
###...........).....#
#######.#..##.......
#.#..# ####### #.#..#
#.#..#### #.......#


You could see an orc priest.

Vanquished Creatures
  Sigmund (D:2)
  A jelly (D:3)
  3 adders (D:2)
  3 gnolls (D:2)
  3 orcs
  5 endoplasms
  A giant cockroach (D:1)
  5 goblins
  A hobgoblin (D:1)
  5 jackals
  9 kobolds
  2 quokkas (D:1)
  5 ball pythons
  3 bats
  A frilled lizard (D:1)
  2 rats
50 creatures vanquished.

Notes
Turn   | Place    | Note
-------+----------+-------------------------------------------
     0 | D:1      | Kold the Demonspawn Monk began the quest for the Orb.
     0 | D:1      | Reached XP level 1. HP: 18/18 MP: 1/1
   184 | D:1      | Discovered your monstrous ancestry.
   184 | D:1      | Gained mutation: You have a small tail. [demonic ancestry]
   184 | D:1      | Reached XP level 2. HP: 15/24 MP: 2/2
   366 | D:1      | Reached skill level 3 in Unarmed Combat
   995 | D:1      | Found Oharuful's Magic Scroll Emporium.
  1003 | D:1      | Bought a scroll of identify for 26 gold pieces
  1370 | D:2      | Gained mutation: You have large cloven feet. [demonic
                  | ancestry]
  1370 | D:2      | Reached XP level 3. HP: 12/29 MP: 3/3
  1950 | D:2      | Noticed Sigmund
  2021 | D:2      | Reached skill level 4 in Unarmed Combat
  2447 | D:2      | Gained mutation: You have a tail ending in a sharp stinger.
                  | [demonic ancestry]
  2447 | D:2      | Reached XP level 4. HP: 25/35 MP: 4/4
  2906 | D:2      | Killed Sigmund
  2907 | D:2      | Reached skill level 5 in Unarmed Combat
  2907 | D:2      | Gained mutation: You have hoof-like feet. [demonic
                  | ancestry]
  2907 | D:2      | Reached XP level 5. HP: 41/41 MP: 5/5
  3111 | D:3      | Reached skill level 6 in Unarmed Combat
  3111 | D:3      | Gained mutation: You have a pair of small antennae on your
                  | head. [demonic ancestry]
  3111 | D:3      | Reached XP level 6. HP: 43/47 MP: 6/6
  3190 | D:3      | HP: 2/47 [orc priest/nerve-wracking pain (13)]
  3192 | D:3      | Slain by an orc priest

Illustrated notes

Levels and vault maps discovered:
D:1:      dpeg_arrival_shrine, layout_basic, serial_shops, shop,
          minmay_misc_feat_five, minmay_cut_off
D:2:      layout_basic, uniq_sigmund
D:3:      layout_loops_ring, vehumet_altar_wand_db, minitemple, uniq_terence

Skill      XL: |  1  2  3  4  5 |
---------------+----------------+-----
Stealth        | 2 |  2.0
Unarmed Combat | 3 4 5 6 |  6.1
Fighting       | |  3.1
Dodging        | |  2.8

Action                   |  1- 3 |  4- 6 || total
-------------------------+-------+-------++-------
Melee: Unarmed           |   131 |    38 ||   169
       Punch             |     3 |     1 ||     4
       Tailslap          |     8 |     9 ||    17
       Kick              |    11 |    13 ||    24
  Use: Potion            |       |     2 ||     2
 Stab: Sleeping          |     5 |     2 ||     7
Armor: Robe              |    29 |     7 ||    36
Dodge: Dodged            |    88 |    18 ||   106
